 Dungeon Crawl Stone Soup version 0.29.1-13-g9f3cf754e1 (webtiles) character file.

Game seed: 17789950264432669049

1153 zeram the Grave Robber (level 8, -1/53 (58) HPs)
             Began as a Gnoll Necromancer on Feb 10, 2023.
             Slain by a wight
             ... wielding a +3 battleaxe of freezing
              (7 damage)
             ... on level 7 of the Dungeon.
             The game lasted 00:09:07 (6426 turns).

zeram the Grave Robber (Gnoll Necromancer)          Turns: 6426, Time: 00:09:08

HP:   -1/53 (58)    AC:  5    Str:  7    XL:     8   Next: 38%
MP:   17/17         EV: 14    Int: 16    God:
Gold: 1365          SH:  0    Dex: 14    Spells: 15/19 levels left

rFire   . . .      SeeInvis .   e - +5 quarterstaff
rCold   + . .      Faith    .   (shield currently unavailable)
rNeg    . . .      Spirit   .   a - +0 robe
rPois   .          Reflect  .   (no helmet)
rElec   .          Harm     .   j - +0 cloak
rCorr   .          Rampage  .   (no gloves)
Will    .....                   i - +1 pair of boots
Stlth   +++.......              (no amulet)
HPRegen 0.17/turn               k - ring of protection from cold
MPRegen 0.15/turn               q - +4 ring of slaying

@: mighty, drained
A: fangs 1, strong nose, distributed training
a: no special abilities


You were on level 7 of the Dungeon.
You visited 1 branch of the dungeon, and saw 7 of its levels.

You collected 1365 gold pieces.

Inventory:

Hand Weapons
 d - a +0 short sword
 e - a +5 quarterstaff (weapon)
Armour
 a - a +0 robe (worn)
 i - a +1 pair of boots (worn)
 j - a +0 cloak (worn)
Jewellery
 h - a ring of fire
 k - a ring of protection from cold (left hand)
 o - a ring of see invisible
 q - a +4 ring of slaying (right hand)
Wands
 c - a wand of roots (2)
 u - a wand of paralysis (4)
Scrolls
 f - a scroll of fog
 l - 2 scrolls of torment
 n - a scroll of identify
 p - 2 scrolls of teleportation
 r - a scroll of poison
 t - 2 scrolls of blinking
 w - 3 scrolls of vulnerability
Potions
 b - a potion of magic
 g - a potion of attraction
 m - a potion of might
 s - a potion of resistance
 x - a potion of mutation {unknown}
 z - a potion of brilliance {unknown}


   Skills:
 + Level 3.3 Fighting
 + Level 3.3 Short Blades
 + Level 3.3 Long Blades
 + Level 3.3 Axes
 + Level 3.3 Maces & Flails
 + Level 3.3 Polearms
 + Level 3.3 Staves
 + Level 3.3 Ranged Weapons
 + Level 3.3 Throwing
 + Level 3.3 Armour
 + Level 5.7 Dodging
 + Level 5.4 Stealth
 + Level 3.3 Shields
 + Level 3.3 Unarmed Combat
 + Level 6.1 Spellcasting
 + Level 2.7 Conjurations
 + Level 2.7 Hexes
 + Level 2.7 Summonings
 + Level 7.7 Necromancy
 + Level 2.7 Translocations
 + Level 2.7 Transmutations
 + Level 2.7 Fire Magic
 + Level 2.7 Ice Magic
 + Level 2.7 Air Magic
 + Level 2.7 Earth Magic
 + Level 2.7 Poison Magic
 + Level 3.7 Invocations
 + Level 3.3 Evocations


You had 15 spell levels left.
You knew the following spells:

 Your Spells              Type           Power      Damage    Failure   Level
a - Necrotise             Necr           100%       1d9       1%          1
b - Vampiric Draining     Necr           29%        2d8       1%          3

Your spell library contained the following spells:

 Spells                   Type           Power      Damage    Failure   Level
 Animate Dead             Necr           29%        N/A       6%          4
 Agony                    Necr           29%        N/A       16%         5


Dungeon Overview and Level Annotations

Branches:
Dungeon (7/15)
 Temple: D:4-7

Altars:
Makhleb
Ru
Uskayaw
Yredelemnul
Zin
The Shining One


Innate Abilities, Weirdness & Mutations

You have very sharp teeth.
Your uncanny sense of smell can sniff out nearby items.
Your experience applies equally to all skills.


Message History

You hit the wight.
The wight is severely damaged.
The wight hits you but does no damage.
The wight hits you with a +0 short sword!
The wight attacks as you move away! The wight hits you but does no damage.
Things that are here:
a +4 flail of freezing; a +0 robe You hit the wight but do no damage.
The wight is severely damaged.
The wight hits you but does no damage.
You hit the wight.
The wight is almost destroyed.
The wight hits you with a +0 short sword.
You feel drained.
You hit the wight.
You destroy the wight!
The wight hits you but does no damage.
The wight hits you with a +3 battleaxe of freezing.
You sock the wight!
The wight is severely damaged.
The wight misses you.
The wight hits you with a +3 battleaxe of freezing!!
The wight freezes you.
You closely miss the wight. You bite the wight, but do no damage.
The wight is severely damaged.
The wight hits you from afar with a +0 spear.
* * * LOW HITPOINT WARNING * * *
You feel drained.
* * * LOW HITPOINT WARNING * * *
The wight closely misses you.
You feel very mighty all of a sudden.
The wight hits you from afar with a +0 spear.
* * * LOW HITPOINT WARNING * * *
You feel drained.
* * * LOW HITPOINT WARNING * * *
The wight closely misses you.
You closely miss the wight. Your bite misses the wight.
The wight is severely damaged.
The wight hits you with a +3 battleaxe of freezing!
You die...

## .. # #? ####.#.
.......###
.........#
####.###z# #z#
########## #@#
#......... #.#
#.########
##.#######.########
#...........#......
#...........#.#####
#.#########.#.# #.#
####.#.## # #.#
#....>..#
#.##.######.##.#..#


You could see 2 wights.

Vanquished Creatures
  2 black bears
  An ogre (D:6)
  A necrophage (D:5)
  3 scorpions
  2 wights (D:7)
  A killer bee (D:7)
  A howler monkey (D:6)
  A jelly (D:7)
  A gnoll bouda (D:6)
  5 hounds
  Natasha (thrice) (D:3)
  An orc wizard (D:5)
  3 gnolls
  4 adders
  2 dart slugs (D:2)
  11 orcs
  7 ball pythons
  5 endoplasms
  A giant cockroach (D:2)
  6 goblins
  9 hobgoblins
  6 quokkas
  3 bats (D:1)
  2 frilled lizards
  8 kobolds
  6 rats
95 creatures vanquished.

Notes
Turn   | Place    | Note
-------+----------+-------------------------------------------
     0 | D:1      | zeram the Gnoll Necromancer began the quest for the Orb.
     0 | D:1      | Reached XP level 1. HP: 13/13 MP: 6/6
   167 | D:1      | Reached XP level 2. HP: 12/19 MP: 7/7
   849 | D:1      | Found a faded altar of an unknown god.
   919 | D:1      | Reached skill level 5 in Spellcasting
   919 | D:1      | Reached XP level 3. HP: 25/25 MP: 6/9
   986 | D:1      | Learned a level 3 spell: Vampiric Draining
  1453 | D:2      | Reached skill level 1 in Invocations
  1711 | D:2      | Reached skill level 1 in Fighting
  1711 | D:2      | Reached skill level 1 in Short Blades
  1711 | D:2      | Reached skill level 1 in Long Blades
  1711 | D:2      | Reached skill level 1 in Axes
  1711 | D:2      | Reached skill level 1 in Maces & Flails
  1711 | D:2      | Reached skill level 1 in Polearms
  1711 | D:2      | Reached skill level 1 in Staves
  1711 | D:2      | Reached skill level 1 in Ranged Weapons
  1711 | D:2      | Reached skill level 1 in Throwing
  1711 | D:2      | Reached skill level 1 in Armour
  1711 | D:2      | Reached skill level 1 in Shields
  1711 | D:2      | Reached skill level 1 in Unarmed Combat
  1711 | D:2      | Reached skill level 1 in Evocations
  2132 | D:3      | Reached XP level 4. HP: 31/32 MP: 11/11
  2148 | D:3      | HP: 2/48 [hobgoblin (1)]
  2651 | D:3      | Noticed Natasha
  2656 | D:3      | Killed Natasha
  2657 | D:3      | Reached skill level 1 in Conjurations
  2657 | D:3      | Reached skill level 1 in Hexes
  2657 | D:3      | Reached skill level 1 in Summonings
  2657 | D:3      | Reached skill level 1 in Translocations
  2657 | D:3      | Reached skill level 1 in Transmutations
  2657 | D:3      | Reached skill level 1 in Fire Magic
  2657 | D:3      | Reached skill level 1 in Ice Magic
  2657 | D:3      | Reached skill level 1 in Air Magic
  2657 | D:3      | Reached skill level 1 in Earth Magic
  2657 | D:3      | Reached skill level 1 in Poison Magic
  2703 | D:3      | Noticed Natasha
  2709 | D:3      | Killed Natasha
  2710 | D:3      | Reached XP level 5. HP: 16/37 MP: 10/12
  2897 | D:3      | Noticed Natasha
  2906 | D:3      | Killed Natasha
  3351 | D:4      | Reached XP level 6. HP: 37/44 MP: 13/13
  3587 | D:4      | Reached skill level 5 in Dodging
  3899 | D:5      | Entered Level 5 of the Dungeon
  4031 | D:5      | Reached XP level 7. HP: 51/51 MP: 15/15
  4459 | D:5      | Reached skill level 5 in Stealth
  5104 | D:6      | Found a burning altar of Makhleb.
  5104 | D:6      | Found a sacrificial altar of Ru.
  5104 | D:6      | Found a glowing golden altar of the Shining One.
  5105 | D:6      | Found a glowing silver altar of Zin.
  5230 | D:6      | Identified the +3 whip of Icwideath {protect, SInv}
  5286 | D:6      | Found a basalt altar of Yredelemnul.
  5581 | D:6      | Reached XP level 8. HP: 57/58 MP: 16/16
  5778 | D:6      | Found a hide-covered altar of Uskayaw.
  5801 | D:6      | Identified a scroll of acquirement
  5803 | D:6      | Acquired 1089 gold pieces
  6426 | D:7      | Slain by a wight

Illustrated notes

Levels and vault maps discovered:
D:1:      onia_arrival_pyramid, layout_basic,
          shapermc_ecumenical_altar_mp_highgroup, supply_closet_lemuel
D:2:      layout_loops_cross, minmay_tripent
D:3:      layout_loops_cross, st_stairs_4, minmay_misc_feat_tiny, uniq_natasha
D:4:      layout_gridville
D:5:      layout_loops_ring
D:6:      layout_loops_cross, chequers_temple_overflow_statue_of_worship,
          mainiacjoe_overflow_swirl, serial_glass, glass_columns_a,
          glass_columns_a, item_on_display_a, minmay_strange_pillars,
          feat_on_display, hangedman_decor_diamond_cutter, eino_tiny_chamber,
          hex_medium, dk_noncrumbling_4, kennysheep_crisscross
D:7:      layout_loops_ring, minmay_temple_entry_hall

Skill      XL: |  1  2  3  4  5  6  7  8 |
---------------+-------------------------+-----
Spellcasting   | 5 6 |  6.1
Invocations    | 1 2 3 |  3.7
Fighting       | 1 2 3 |  3.3
Short Blades   | 1 2 3 |  3.3
Long Blades    | 1 2 3 |  3.3
Axes           | 1 2 3 |  3.3
Maces & Flails | 1 2 3 |  3.3
Polearms       | 1 2 3 |  3.3
Staves         | 1 2 3 |  3.3
Ranged Weapons | 1 2 3 |  3.3
Throwing       | 1 2 3 |  3.3
Armour         | 1 2 3 |  3.3
Shields        | 1 2 3 |  3.3
Unarmed Combat | 1 2 3 |  3.3
Evocations     | 1 2 3 |  3.3
Conjurations   | 1 2 |  2.7
Hexes          | 1 2 |  2.7
Summonings     | 1 2 |  2.7
Translocations | 1 2 |  2.7
Transmutations | 1 2 |  2.7
Fire Magic     | 1 2 |  2.7
Ice Magic      | 1 2 |  2.7
Air Magic      | 1 2 |  2.7
Earth Magic    | 1 2 |  2.7
Poison Magic   | 1 2 |  2.7
Dodging        | 5 |  5.7
Stealth        | 5 |  5.4
Necromancy     | |  7.7

Action                   |  1- 3 |  4- 6 |  7- 9 || total
-------------------------+-------+-------+-------++-------
Melee: Short sword       |    11 |       |       ||    11
       Unarmed           |     4 |       |       ||     4
       Bite              |     6 |     8 |     9 ||    23
       Quarterstaff      |    70 |    79 |    58 ||   207
 Cast: Necrotise         |     8 |     7 |    14 ||    29
       Vampiric Draining |       |     2 |     1 ||     3
  Use: Potion            |       |     3 |     2 ||     5
       Scroll            |       |    13 |     5 ||    18
 Stab: Sleeping          |     8 |    11 |     3 ||    22
Armor: Robe              |    18 |    31 |    23 ||    72
       Skin              |       |     7 |       ||     7
Dodge: Dodged            |    58 |    53 |    80 ||   191
